 Dungeon Crawl Stone Soup version 0.16-a0-2568-g6e0b792 (webtiles) character file.

382 PolkaDot the Vexing (level 6, 0/41 HPs)
             Began as a Vampire Enchanter on Nov 21, 2014.
             Slain by a gnoll
             ... wielding a +0 spear
              (4 damage)
             ... on level 5 of the Dungeon.
             The game lasted 00:10:48 (4419 turns).

PolkaDot the Vexing (Vampire Enchanter)             Turns: 4419, Time: 00:10:48

Health: 0/41       AC:  3    Str:  7    XL:     6   Next: 47%
Magic:  0/10       EV: 12    Int: 19    God:
Gold:   248        SH:  4    Dex: 14    Spells: 3 memorised, 3 levels left

rFire  . . .     SeeInvis +     a - +2 dagger
rCold  + + .     Clarity  .     b - +1 robe
rNeg   + + +     SustAb   .     n - +0 buckler
rPois  +         Gourm    .     (no helmet)
rElec  .         Spirit   .     (no cloak)
rCorr  .         Warding  .     (no gloves)
rMut   .         Stasis   .     (no boots)
MR     +....                    (no amulet)
Stlth  +++.......               p - ring of loudness (curse)
                                d - ring of protection from magic

@: bloodless, non-regenerating, somewhat resistant to hostile enchantments,
fairly stealthy
A: bottle blood, fangs 3, see invisible, unbreathing
a: Bat Form


You were on level 5 of the Dungeon.
You were bloodless.

You visited 1 branch of the dungeon, and saw 5 of its levels.

You collected 248 gold pieces.

Inventory:

Hand weapons
 a - a +2 dagger (weapon)
Armour
 b - a +1 robe (worn)
 n - a +0 buckler (worn)
Jewellery
 d - a ring of protection from magic (left hand)
 p - a cursed ring of loudness (right hand)
Scrolls
 g - a scroll of recharging
 h - a scroll of identify
 k - a scroll of fear
 m - a scroll of teleportation
 o - 3 scrolls of fog
 r - a scroll of enchant weapon
 u - a scroll of enchant armour
Potions
 e - a potion of cure mutation {unknown}
 i - a potion of curing
 l - a potion of might
Books
 c - a book of Maledictions

   Spells                             Type                      Level
   *Corona                            Hexes                        1
   Sure Blade                         Hexes/Charms                 2
   *Ensorcelled Hibernation           Hexes/Ice                    2
   *Confuse                           Hexes                        3
   Dazzling Spray                     Conjuration/Hexes            3
   Enslavement                        Hexes                        4


   Skills:
 + Level 2.5 Short Blades
 - Level 2.1 Dodging
 + Level 7.0 Stealth
 - Level 1.5 Shields
 - Level 2.0 Spellcasting
 * Level 7.9 Hexes
 - Level 1.0 Ice Magic


You had 3 spell levels left.
You knew the following spells:

 Your Spells              Type           Power        Failure   Level  Hunger
a - Corona                Hex            ####...      1%          1    #......
c - Confuse               Hex            ####....     1%          3    ###....
d - Ensorcelled Hibernat  Hex/Ice        ###...       6%          2    ###....


Dungeon Overview and Level Annotations

Branches:
Dungeon (5/15)
 Temple: D:4-7

Altars:
Kikubaaqudgha
Makhleb
Nemelex Xobeh
Yredelemnul

Shops:
D:4 ::


Innate Abilities, Weirdness & Mutations

You do not heal naturally.
You can bottle blood from corpses.
You have razor-sharp teeth.
You have supernaturally acute eyesight.
You can survive without breathing.


Message History

The gnoll hits you from afar with a spear.
* * * LOW HITPOINT WARNING * * *
The gnoll closely misses you. The gnoll shaman hits you with a club!
* * * LOW HITPOINT WARNING * * *
Casting: Ensorcelled Hibernation
Confirm with . or Enter, or press ? or * to list all spells.
Aiming: Confuse
Press: ? - help, Shift-Dir - straight line, f/p - gnoll shaman
Aim: a gnoll shaman, wielding a club and wearing a leather armour (lightly wounded)
The gnoll shaman appears confused.
* * * LOW MAGIC WARNING * * *
The gnoll hits you from afar with a spear!
* * * LOW HITPOINT WARNING * * *
The gnoll shaman hits you with a club.
* * * LOW HITPOINT WARNING * * *
You hit the gnoll shaman but do no damage.
The gnoll shaman is lightly wounded.
The gnoll closely misses you.
The gnoll hits you from afar with a spear.
You die...

.........+..+ ........#......#...
+##......#..#.........#......#...
..#.##..##.##.........'......#...
..#.##..##'#..........#..###+#...
..#.....#..'......#+###..#.......
..#.....+..#......+...g..+.......
..#'###.##'#......#..##'##)).....
......###......#+##..#..g.##+#...
......# #......+@gg..+.......'...
......###......#+##..#.......#...
..#####...........#########......
..# #...........# #...... ..#
#...........# #...... ..#
#...........# #...... ..#
##...........# #...... ..#
#.....######....# ..##### ..#
#.....# ....# ...+


You could see a gnoll shaman (confused) and a gnoll.

Vanquished Creatures
  A giant frog (D:4)
  A hound (D:2)
  3 worker ants (D:4)
  A centaur skeleton (D:4)
  5 adders
  3 gnolls (D:5)
  3 worms
  An adder skeleton (D:4)
  A giant gecko (D:1)
  7 orcs
  A bat skeleton (D:4)
  7 hobgoblins
  3 quokkas
  4 bats
  8 giant cockroaches
  7 giant newts
  6 goblins
  3 jackals (D:3)
  8 kobolds
  A quokka skeleton (D:4)
  14 rats
88 creatures vanquished.

Notes
Turn   | Place    | Note
--------------------------------------------------------------
     0 | D:1      | PolkaDot, the Vampire Enchanter, began the quest for the Orb.
     0 | D:1      | Reached XP level 1. HP: 13/13 MP: 3/3
   583 | D:1      | Reached XP level 2. HP: 17/19 MP: 4/4
   647 | D:1      | Learned a level 2 spell: Ensorcelled Hibernation
  1097 | D:2      | Reached skill level 1 in Ice Magic
  1234 | D:2      | Reached skill level 5 in Hexes
  1276 | D:2      | Found a burning altar of Makhleb.
  1281 | D:2      | Reached skill level 5 in Stealth
  1281 | D:2      | Reached XP level 3. HP: 12/24 MP: 0/6
  1727 | D:2      | Reached XP level 4. HP: 30/30 MP: 5/7
  1746 | D:2      | Reached skill level 6 in Hexes
  2155 | D:2      | Learned a level 3 spell: Confuse
  2593 | D:3      | Found a basalt altar of Yredelemnul.
  2593 | D:3      | Found a sparkling altar of Nemelex Xobeh.
  2852 | D:3      | Reached XP level 5. HP: 35/35 MP: 9/9
  3195 | D:4      | Reached skill level 1 in Shields
  3195 | D:4      | Reached skill level 7 in Hexes
  3438 | D:4      | Reached XP level 6. HP: 41/41 MP: 10/10
  3575 | D:4      | Found Clajaigg's Book Boutique.
  3779 | D:4      | Found Baherch's Book Boutique.
  4122 | D:5      | Entered Level 5 of the Dungeon
  4333 | D:5      | Found an ancient bone altar of Kikubaaqudgha.
  4419 | D:5      | Slain by a gnoll

Action                   |  1- 3 |  4- 6 || total
-------------------------+-------+-------++-------
Melee: Dagger            |    79 |   169 ||   248
 Cast: Corona            |     1 |       ||     1
       Ensorcelled Hiber |    10 |    28 ||    38
       Confuse           |       |     1 ||     1
  Use: Potion            |       |     8 ||     8
       Scroll            |       |     9 ||     9
 Stab: Sleeping          |    11 |    31 ||    42
       Distracted        |     1 |       ||     1
